 Dungeon Crawl Stone Soup version 0.22.0 (webtiles) character file.

46461 nicolaieve the Peltast (level 14, -16/124 HPs)
             Began as a Minotaur Berserker on Aug 10, 2018.
             Was a High Priest of Trog.
             Killed from afar by a fire dragon (36 damage)
             ... with a blast of flame
             ... on level 6 of the Lair of Beasts on Aug 11, 2018.
             The game lasted 02:03:47 (16368 turns).

nicolaieve the Peltast (Minotaur Berserker)        Turns: 16368, Time: 02:03:48

Health: -16/124    AC: 26    Str: 24    XL:     14   Next: 4%
Magic:  13/13      EV:  9    Int:  4    God:    Trog [*****.]
Gold:   973        SH: 16    Dex: 13    Spells: 13/13 levels left

rFire    . . .     SeeInvis .   N - +2 whip (pain)
rCold    . . .     Gourm    .   M - +0 shield
rNeg     + . .     Faith    +   a - +0 plate armour
rPois    .         Spirit   .   (helmet restricted)
rElec    .         Reflect  .   d - +0 cloak
rCorr    .         Harm     .   n - +0 pair of gloves
MR       +++..                  S - +2 pair of boots
Stlth    ..........             K - amulet of faith
HPRegen  1.30/turn              u - ring of positive energy
MPRegen  0.13/turn              C - +3 ring of protection

@: berserk cooldown, very slightly contaminated, regenerating, slowed,
invisible, very slow
A: retaliatory headbutt, horns 2
a: Berserk, Trog's Hand, Brothers in Arms, Renounce Religion


You were on level 6 of the Lair of Beasts.
You worshipped Trog.
Trog was extremely pleased with you.
You were hungry.

You visited 2 branches of the dungeon, and saw 18 of its levels.

You collected 1363 gold pieces.
You spent 390 gold pieces at shops.

Inventory:

Hand Weapons
 N - a +2 whip of pain (weapon)
 W - a +0 whip of draining
Armour
 a - a +0 plate armour (worn)
 d - a +0 cloak (worn)
 n - a +0 pair of gloves (worn)
 L - the +18 shield of the Gong {rElec rN+ MR+ EV-5}
   (You found it on level 9 of the Dungeon)

   It affects your evasion (-5).
   It insulates you from electricity.
   It protects you from negative energy.
   It affects your resistance to hostile enchantments.
 M - a +0 shield (worn)
 S - a +2 pair of boots (worn)
Jewellery
 u - a ring of positive energy (left hand)
 C - a +3 ring of protection (right hand)
 J - the ring "Jaliuzxa" {MR+ MP+9 Str-3 Int+2}
   (You found it on level 11 of the Dungeon)

   [ring of magical power]

   It affects your strength (-3).
   It affects your intelligence (+2).
   It affects your resistance to hostile enchantments.
   It affects your magic capacity (+9).
 K - an amulet of faith (around neck)
 P - an uncursed ring of resist corrosion
 Q - an uncursed ring of see invisible
 Y - an uncursed amulet of rage {unknown}
Wands
 b - a wand of digging (14)
 D - a wand of flame (55)
 E - a wand of disintegration (10)
 I - a wand of polymorph (32)
 R - a wand of scattershot (5)
 T - a wand of paralysis (14)
Scrolls
 h - 8 scrolls of teleportation
 i - 4 scrolls of enchant armour
 l - 8 scrolls of enchant weapon
 m - 2 scrolls of summoning
 p - 9 scrolls of remove curse
 q - 2 scrolls of magic mapping {unknown}
 s - 2 scrolls of immolation {unknown}
 t - a scroll of blinking
 w - 2 scrolls of noise {unknown}
 y - 2 scrolls of fear {unknown}
 z - 4 scrolls of fog {unknown}
 B - a scroll of identify
 O - 2 scrolls of random uselessness {unknown}
Potions
 e - 3 potions of mutation
 g - a potion of magic
 j - 3 potions of might
 k - 5 potions of curing
 o - 5 potions of ambrosia
 r - a potion of lignification {unknown}
 v - a potion of haste
 x - 2 potions of agility
 A - a potion of resistance
 F - a potion of berserk rage {unknown}
 G - 3 potions of flight
 H - a potion of cancellation
Comestibles
 c - 41 rations
 f - 4 chunks of flesh


   Skills:
 + Level 11.3 Fighting
 - Level 12.0 Maces & Flails
 + Level 13.6 Armour
 + Level 3.7 Dodging
 + Level 18.8 Shields


You had 13 spell levels left.
You didn't know any spells.
Your spell library was empty.

Dungeon Overview and Level Annotations

Branches:
Dungeon (12/15)            Temple (0/1) D:7            Lair (6/6) D:8
 Shoals (0/4) Lair:2       Spider (0/4) Lair:2        Slime (0/5) Lair:5
    Orc (0/2) D:11

Altars:
Fedhas
Hepliaklqana
Nemelex Xobeh
Zin

Shops:
D:5 =   D:6 !   D:10 =


Innate Abilities, Weirdness & Mutations

You reflexively headbutt those who attack you in melee.
You have a pair of horns on your head.


Message History

Blink to where?
Press: ? - help, Dir - move target cursor You are very lightly contaminated with residual magic.
As you read the scroll of blinking, it crumbles to dust.
Found a club, a war axe and a ration.
You fade into invisibility!
The fire dragon breathes flames at you.
Okay, then.
Your skin crawls.
You feel resistant to hostile enchantments.
You feel somewhat more hungry.
* * * LOW HITPOINT WARNING * * *
The plant is engulfed in a cloud of scalding steam.
You enter the shallow water.
Moving in this stuff is going to be slow. ...and don't expect to remain undetected.
The plant is engulfed in a cloud of scalding steam.
The fire dragon breathes flames at you. The blast of flame hits you!
You die...

♣..≈...≈≈♣♣♣.....
♣♣..≈≈...≈♣P♣♣♣..♣
♣♣♣.P..♣♣♣..≈.(..♣.♣
♣...≈≈♣♣ ♣♣.≈≈♣÷.♣♣♣
♣♣.≈≈≈♣♣ .♣♣♣P.≈≈≈.♣♣
♣≈≈≈≈♣♣ ).)%♣♣♣≈≈♣≈.?
♣≈≈≈♣♣♣/!?(/♣♣♣♣≈♣≈≈≈
♣≈.≈♣§P§...$♣.♣♣♣♣♣≈≈
♣..≈@§≈§.≈..P≈≈.♣≈♣≈≈
♣♣.P≈§§§§≈≈.≈≈≈....≈≈
♣♣...≈§≈D§≈≈≈≈≈≈≈≈≈P
♣♣..≈≈.≈.≈≈≈≈≈≈≈...
♣♣♣.≈♣...≈≈≈≈≈≈...
..♣♣♣.≈≈.≈...♣♣ ♣♣♣
♣♣♣♣♣♣♣♣♣♣


There were no monsters in sight!

Vanquished Creatures
  Harold (D:8)
  4 hydras
  4 two-headed ogres
  The ghost of Lilu the Destroyer, a journeyman DECj of Vehumet (D:11)
  Sonja (Lair:2)
  Pikel (D:4)
  A swamp dragon (Lair:6)
  A wolf spider (Lair:6)
  2 ugly things
  6 elephants
  9 black mambas
  Maurice (D:8)
  9 spiny frogs
  6 rime drakes
  11 komodo dragons
  A polar bear (Lair:4)
  4 hornets
  A troll (D:11)
  Grinder (D:3)
  Prince Ribbit (D:6)
  8 blink frogs
  7 hippogriffs
  A centaur simulacrum (D:11)
  3 redbacks
  A wraith (D:11)
  A shadow (D:11)
  11 wyverns
  35 yaks
  3 steam dragons
  Menkaure (D:6)
  3 basilisks (Lair:4)
  28 water moccasins
  2 acid dragons
  7 orc warriors
  6 porcupines
  4 slaves (D:4)
  A black bear (D:6)
  An eye of draining (D:11)
  3 ice beasts
  4 phantoms
  6 ogres
  14 centaurs
  12 crocodiles
  A spectral wyvern (D:11)
  20 bullfrogs
  Blork the orc (D:5)
  A wyvern zombie (D:10)
  A water moccasin zombie (D:7)
  A scorpion (D:4)
  A wyvern skeleton (D:8)
  9 killer bees
  8 wights
  3 electric eels (D:11)
  5 howler monkeys
  6 crimson imps
  A centaur zombie (D:11)
  A quasit (D:9)
  4 jellies
  5 hounds
  A centaur skeleton (D:4)
  3 orc priests
  Crazy Yiuf (D:2)
  9 worker ants
  6 iguanas
  9 orc wizards
  7 hell rats (Lair:4)
  2 hound zombies
  A worker ant zombie (D:5)
  A howler monkey zombie (D:6)
  11 adders
  5 shadow imps
  An adder zombie (D:8)
  An adder skeleton (D:4)
  3 dart slugs (D:2)
  6 leopard geckos
  41 orcs
  3 ball pythons (D:3)
  6 bats
  4 giant cockroaches
  2 goblins
  2 hobgoblins
  2 jackals (D:4)
  3 kobolds
  6 quokkas
  A frilled lizard (D:2)
  2 quokka skeletons
  9 rats
444 creatures vanquished.

Vanquished Creatures (others)
  A rime drake (Lair:6)
  A jackal (D:4)
  A bush (Lair:4)
  13 fungi
  9 plants (Lair:6)
25 creatures vanquished.

Grand Total: 469 creatures vanquished

Notes
Turn   | Place    | Note
-------+----------+-------------------------------------------
     0 | D:1      | nicolaieve the Minotaur Berserker began the quest for the Orb.
     0 | D:1      | Reached XP level 1. HP: 19/19 MP: 0/0
   345 | D:1      | Reached XP level 2. HP: 26/26 MP: 1/1
   603 | D:2      | Reached skill level 5 in Maces & Flails
   613 | D:2      | Reached XP level 3. HP: 22/31 MP: 2/2
   913 | D:2      | Found a runed door.
  1309 | D:2      | Found a glowing silver altar of Zin.
  1412 | D:2      | Noticed Crazy Yiuf
  1417 | D:2      | Killed Crazy Yiuf
  1417 | D:2      | Reached ** piety under Trog
  1417 | D:2      | Reached XP level 4. HP: 28/39 MP: 3/3
  1489 | D:3      | Noticed Grinder
  1496 | D:3      | Killed Grinder
  1496 | D:3      | Reached XP level 5. HP: 45/45 MP: 4/4
  1496 | D:3      | Reached XP level 6. HP: 51/51 MP: 5/5
  1647 | D:3      | Found a blossoming altar of Fedhas.
  2162 | D:4      | Noticed a slave
  2163 | D:4      | Noticed Pikel
  2163 | D:4      | Noticed a slave
  2164 | D:4      | Noticed a slave
  2164 | D:4      | Noticed a slave
  2171 | D:4      | Killed a slave
  2174 | D:4      | Killed Pikel
  2174 | D:4      | Reached skill level 10 in Maces & Flails
  2174 | D:4      | Reached XP level 7. HP: 57/57 MP: 6/6
  2271 | D:4      | Reached *** piety under Trog
  2655 | D:4      | Found a sparkling altar of Nemelex Xobeh.
  2721 | D:4      | Reached XP level 8. HP: 66/66 MP: 7/7
  2840 | D:5      | Entered Level 5 of the Dungeon
  2844 | D:5      | Noticed Blork the orc
  2855 | D:5      | Killed Blork the orc
  3245 | D:5      | Found Fiyrhes's Jewellery Shop.
  3533 | D:6      | Noticed Menkaure
  3543 | D:6      | Killed Menkaure
  3557 | D:6      | Reached skill level 5 in Fighting
  3557 | D:6      | Reached skill level 5 in Armour
  3652 | D:6      | Reached XP level 9. HP: 40/75 MP: 6/8
  4373 | D:6      | Noticed Prince Ribbit
  4380 | D:6      | Killed Prince Ribbit
  4477 | D:6      | Found Woruc's Distillery.
  4485 | D:6      | Bought a potion of haste for 150 gold pieces
  4485 | D:6      | Bought a potion of brilliance for 60 gold pieces
  4485 | D:6      | Bought a potion of might for 60 gold pieces
  4485 | D:6      | Bought a potion of curing for 45 gold pieces
  4485 | D:6      | Bought a potion of heal wounds for 75 gold pieces
  4811 | D:7      | Reached **** piety under Trog
  5090 | D:7      | Paralysed by a hornet for 3 turns
  5096 | D:7      | Received a gift from Trog
  5389 | D:7      | Found a staircase to the Ecumenical Temple.
  5499 | D:8      | Noticed Harold
  5508 | D:8      | Noticed a brown ugly thing
  5517 | D:8      | Killed Harold
  5526 | D:8      | Killed a brown ugly thing
  5526 | D:8      | Reached skill level 10 in Armour
  5526 | D:8      | Reached XP level 10. HP: 90/90 MP: 6/9
  5536 | D:8      | Found a staircase to the Lair.
  5546 | D:8      | Noticed a two-headed ogre
  5558 | D:8      | Killed a two-headed ogre
  5585 | D:8      | Noticed Maurice
  5597 | D:8      | Killed Maurice
  5770 | D:8      | Reached skill level 10 in Fighting
  6687 | D:9      | Found the +18 shield of the Gong {rElec rN+ MR+ EV-5}
  6770 | D:10     | Entered Level 10 of the Dungeon
  6864 | D:10     | Reached skill level 1 in Shields
  6888 | D:10     | Reached skill level 2 in Shields
  7012 | D:10     | Reached XP level 11. HP: 99/101 MP: 10/10
  7123 | D:10     | Reached skill level 3 in Shields
  7155 | D:10     | Noticed a two-headed ogre
  7162 | D:10     | Killed a two-headed ogre
  7162 | D:10     | Reached skill level 4 in Shields
  7194 | D:10     | Reached skill level 5 in Shields
  7382 | D:10     | Reached skill level 6 in Shields
  7385 | D:10     | Reached ***** piety under Trog
  7555 | D:10     | Found Gawalife's Jewellery Boutique.
  7569 | D:10     | Reached skill level 7 in Shields
  7668 | D:11     | Noticed a cyan ugly thing
  7696 | D:11     | Noticed a two-headed ogre
  7697 | D:11     | Reached skill level 8 in Shields
  8019 | D:11     | Received a gift from Trog
  8041 | D:11     | Noticed Lilu's ghost (journeyman DECj)
  8045 | D:11     | Noticed a two-headed ogre
  8049 | D:11     | Noticed an eight-headed hydra
  8062 | D:11     | Killed a two-headed ogre
  8062 | D:11     | Reached skill level 9 in Shields
  8069 | D:11     | Killed an eight-headed hydra
  8119 | D:11     | Found a transporter.
  8137 | D:11     | Found a transporter.
  8197 | D:11     | Reached skill level 10 in Shields
  8627 | D:11     | Reached skill level 11 in Shields
  8684 | D:11     | Killed a cyan ugly thing
  8881 | D:11     | Killed a two-headed ogre
  8958 | D:11     | Reached skill level 12 in Shields
  8987 | D:11     | Killed Lilu's ghost
  8987 | D:11     | Reached XP level 12. HP: 87/107 MP: 9/11
  8995 | D:11     | Got a transparent tin ring
  9119 | D:11     | Found a staircase to the Orcish Mines.
  9267 | Lair:1   | Entered Level 1 of the Lair of Beasts
  9273 | Lair:1   | Noticed a six-headed hydra
 10013 | Lair:2   | Found a hole to the Spider Nest.
 10090 | Lair:2   | Killed a six-headed hydra
 10090 | Lair:2   | Reached skill level 13 in Shields
 10149 | Lair:2   | Found a staircase to the Shoals.
 10480 | Lair:2   | Noticed Sonja
 10498 | Lair:2   | Killed Sonja
 10861 | Lair:3   | Reached skill level 14 in Shields
 11053 | Lair:3   | Received a gift from Trog
 11092 | Lair:3   | Found a glowing silver altar of Zin.
 11639 | Lair:4   | Reached skill level 15 in Shields
 12116 | Lair:4   | Reached skill level 16 in Shields
 12796 | Lair:5   | Noticed a four-headed hydra
 12808 | Lair:5   | Killed a four-headed hydra
 12808 | Lair:5   | Reached XP level 13. HP: 106/114 MP: 10/12
 12842 | Lair:5   | Identified the ring "Jaliuzxa" {MR+ MP+9 Str-3 Int+2} (You found it on level 11 of the Dungeon)
 12973 | Lair:5   | Found a staircase to the Slime Pits.
 13227 | Lair:5   | Reached skill level 17 in Shields
 13308 | Lair:5   | Found a hazy altar of Hepliaklqana.
 13630 | Lair:6   | Entered Level 6 of the Lair of Beasts
 13685 | Lair:6   | Received a gift from Trog
 13905 | Lair:5   | HP: 5/114 [poisoned by a spiny frog]
 13908 | Lair:5   | HP: 1/114 [poisoned by a spiny frog]
 14344 | Lair:6   | Reached skill level 18 in Shields
 15991 | Lair:6   | Reached XP level 14. HP: 65/124 MP: 13/13
 16334 | Lair:6   | Received a gift from Trog
 16368 | Lair:6   | Killed from afar by a fire dragon

Skill      XL: |  1  2  3  4  5  6  7  8  9 10 11 12 13 |
---------------+----------------------------------------+-----
Maces & Flails | 4 5 6 8 10 11 12 | 12.0
Armour         | 3 6 10 12 13 | 13.6
Fighting       | 4 5 8 10 11 | 11.3
Dodging        | 3 |  3.7
Shields        | 2 12 16 18 | 18.8

Action                   |  1- 3 |  4- 6 |  7- 9 | 10-12 | 13-15 || total
-------------------------+-------+-------+-------+-------+-------++-------
Melee: Mace              |    55 |    58 |    15 |       |       ||   128
       Headbutt          |     9 |    10 |    83 |   293 |   201 ||   596
       Whip              |       |       |   365 |  1175 |   711 ||  2251
Invok: Berserk           |       |     2 |     5 |    17 |     8 ||    32
       Trog's Hand       |       |       |     1 |     9 |     7 ||    17
Evoke: Wand              |       |       |       |     5 |       ||     5
  Use: Scroll            |       |       |    10 |     5 |     6 ||    21
       Potion            |       |       |       |     4 |     6 ||    10
 Stab: Invisible         |     1 |       |       |       |       ||     1
       Distracted        |       |       |     1 |       |       ||     1
  Eat: Chunk             |     2 |     3 |    13 |    32 |    17 ||    67
       Ration            |       |       |     1 |     3 |     1 ||     5
Armor: Animal skin       |    10 |       |       |       |       ||    10
       Leather armour    |     2 |    13 |       |       |       ||    15
       Chain mail        |       |    11 |     8 |       |       ||    19
       Plate armour      |       |       |   129 |   418 |   272 ||   819
Dodge: Dodged            |    38 |    36 |    86 |   224 |   172 ||   556
Block: Shield            |       |       |       |   386 |   480 ||   866
